 Dungeon Crawl Stone Soup version 0.17-a0-1479-g4041c36 (webtiles) character file.

1374 Vlagh the Destroyer (level 8, -6/41 HPs)
             Began as a Deep Elf Conjurer on July 3, 2015.
             Was a Follower of Ashenzari.
             Mangled by an ice beast (12 damage)
             ... on level 6 of the Dungeon.
             The game lasted 00:30:13 (5191 turns).

Vlagh the Destroyer (Deep Elf Conjurer)             Turns: 5191, Time: 00:30:13

Health: -6/41      AC:  3    Str:  7    XL:     8   Next: 39%
Magic:  6/20       EV:  9    Int: 18    God:    Ashenzari [*.....]
Gold:   142        SH:  0    Dex: 15    Spells: 6 memorised, 2 levels left

rFire  + . .     SeeInvis .     p - -2 dagger (curse)
rCold  . . .     Clarity  .     a - +0 robe
rNeg   . . .     SustAt   .     (no shield)
rPois  .         Gourm    .     (no helmet)
rElec  .         Spirit   .     (no cloak)
rCorr  .         Warding  .     n - +0 pair of gloves
rMut   .         Stasis   .     (no boots)
MR     .....                    k - amulet of regeneration (curse)
Stlth  ++........               g - ring "Neilek" {rF+ EV-3} (curse)
                                f - -3 ring of intelligence (curse)

@: drained, not resistant to hostile enchantments, unstealthy
A: no striking features
a: Renounce Religion


You were on level 6 of the Dungeon.
You worshipped Ashenzari.
Ashenzari was aware of your devotion.
You were hungry.

You visited 1 branch of the dungeon, and saw 7 of its levels.

You collected 220 gold pieces.
You spent 78 gold pieces at shops.

Inventory:

Hand weapons
 i - a +0 whip of freezing
 o - a +1 flail of holy wrath
 p - a cursed -2 dagger (weapon)
 q - a +2 dagger of speed
 t - a +1 dagger of draining
 u - a +2 flail of draining
Armour
 a - a +0 robe (worn)
 l - a +0 leather armour
 n - a +0 pair of gloves (worn)
Jewellery
 f - a cursed -3 ring of intelligence (left hand)
 g - the cursed ring "Neilek" (right hand) {rF+ EV-3}
   (You found it on level 4 of the Dungeon)

   [ring of evasion]

   It affects your evasion (-3).
   It protects you from fire.
   It has a curse placed upon it.
 k - a cursed amulet of regeneration (around neck)
Magical devices
 m - a wand of magic darts (30)
Scrolls
 s - a scroll of magic mapping
 w - a scroll of identify
Books
 b - a book of Conjurations

   Spells                             Type                      Level
   a - Magic Dart                     Conjuration                  1
   b - Searing Ray                    Conjuration                  2
   c - Dazzling Spray                 Conjuration/Hexes            3
   d - Fulminant Prism                Conjuration/Hexes            4
   e - Iskenderun's Mystic Blast      Conjuration                  4
   f - Iskenderun's Battlesphere      Conjuration/Charms           5
Comestibles
 c - 3 bread rations
 d - 4 fruits
 j - a beef jerky


   Skills:
 + Level 0.0 Fighting
 + Level 2.4(2.2) Dodging
 - Level 2.4(2.2) Stealth
 - Level 7.2(7.0) Spellcasting
 - Level 9.7(9.5) Conjurations
 - Level 3.0(2.8) Hexes
 * Level 4.6(4.4) Charms


You had 2 spell levels left.
You knew the following spells:

 Your Spells              Type           Power        Failure   Level  Hunger
a - Magic Dart            Conj           ####         1%          1    None
b - Searing Ray           Conj           #####.       1%          2    None
c - Dazzling Spray        Conj/Hex       ####....     2%          3    ##.....
d - Iskenderun's Mystic   Conj           #####...     2%          4    ####...
e - Fulminant Prism       Conj/Hex       ####......   12%         4    ####...
f - Iskenderun's Battles  Conj/Chrm      ####....     21%         5    #####..


Dungeon Overview and Level Annotations

Branches:
Dungeon (7/15)
 Temple: D:4-7

Altars:
Ashenzari
Dithmenos
Fedhas
Gozag
Makhleb
Trog
Vehumet
Yredelemnul
Zin

Shops:
D:5 =   D:6 (


Message History

Aiming: Searing Ray
Press: ? - help, Shift-Dir - straight line, f - ice beast
Aim: an ice beast (moderately wounded) Really fire in your fulminant prism's direction?
Okay, then.
Casting: Searing Ray
Confirm with . or Enter, or press ? or * to list all spells.
Aiming: Searing Ray
Press: ? - help, Shift-Dir - straight line, p - ice beast The searing ray hits the ice beast.
The ice beast is severely wounded.
The bat hits you. The bat barely misses you. The ice beast hits you.
The ice beast freezes you!
* * * LOW HITPOINT WARNING * * *
Your fulminant prism crackles loudly.
The searing ray misses the ice beast.
The bat hits you but does no damage. The ice beast hits you.
* * * LOW HITPOINT WARNING * * *
The ice beast freezes you!
You die...

# ... .. ... ..# #.#
.... ..# .. ....
..##.# .... ##..*.#
..#. .b...###..# #(
#.Y....# .. ##. ##.@#
.)# #.# #..## ###..
#..##.# >.##.##.## #.
...##......
#.......### .#
#...#.....
##..####..##.#
#........ # .. ##....#
#....... #.## ###.###
#....... #..# ##....#
###.......
#.###..###..#.........


You could see an ice beast and a bat.

Vanquished Creatures
  Menkaure (D:5)
  A hippogriff (D:5)
  Edmund (D:6)
  An ogre (D:5)
  A centaur (D:6)
  A giant frog (D:5)
  A quasit (D:5)
  4 crimson imps (D:5)
  A hound (D:6)
  4 orc priests
  3 orc wizards
  An iguana (D:7)
  4 worker ants
  Natasha (thrice) (D:2)
  A worker ant zombie (D:5)
  6 adders
  7 gnolls
  4 oozes
  An adder zombie (D:5)
  A worm (D:2)
  11 orcs
  2 ball pythons
  A bat skeleton (D:4)
  5 giant cockroaches
  6 hobgoblins
  8 kobolds
  A quokka (D:7)
  6 bats
  2 giant geckos
  5 giant newts
  4 goblins
  11 rats
109 creatures vanquished.

Vanquished Creatures (others)
  4 fulminant prisms
4 creatures vanquished.

Grand Total: 113 creatures vanquished

Notes
Turn   | Place    | Note
--------------------------------------------------------------
     0 | D:1      | Vlagh the Deep Elf Conjurer began the quest for the Orb.
     0 | D:1      | Reached XP level 1. HP: 10/10 MP: 6/6
   477 | D:1      | Reached skill level 5 in Conjurations
   477 | D:1      | Reached XP level 2. HP: 15/15 MP: 1/8
   540 | D:1      | Learned a level 2 spell: Searing Ray
  1244 | D:2      | Noticed Natasha
  1247 | D:2      | Killed Natasha
  1247 | D:2      | Reached XP level 3. HP: 19/19 MP: 5/9
  1266 | D:2      | Learned a level 3 spell: Dazzling Spray
  1294 | D:2      | Found a shadowy altar of Dithmenos.
  1501 | D:2      | Noticed Natasha
  1508 | D:2      | Killed Natasha
  1508 | D:2      | Reached skill level 6 in Conjurations
  1508 | D:2      | Reached XP level 4. HP: 24/24 MP: 1/11
  1517 | D:2      | Learned a level 4 spell: Iskenderun's Mystic Blast
  1811 | D:2      | Noticed Natasha
  1815 | D:2      | Killed Natasha
  2170 | D:3      | Reached XP level 5. HP: 17/28 MP: 6/13
  2746 | D:4      | Reached skill level 7 in Conjurations
  2794 | D:4      | Reached XP level 6. HP: 28/32 MP: 10/15
  2795 | D:4      | Reached skill level 5 in Spellcasting
  2835 | D:4      | Learned a level 4 spell: Fulminant Prism
  2905 | D:4      | Got a sparkling granite ring
  2914 | D:4      | Identified the cursed ring "Neilek" {rF+ EV-3} (You found it on level 4 of the Dungeon)
  3145 | D:4      | Found a shattered altar of Ashenzari.
  3170 | D:4      | Became a worshipper of Ashenzari the Shackled
  3233 | D:4      | Found a bloodstained altar of Trog.
  3272 | D:5      | Entered Level 5 of the Dungeon
  3396 | D:5      | Found a burning altar of Makhleb.
  3398 | D:5      | Found a basalt altar of Yredelemnul.
  3400 | D:5      | Found a radiant altar of Vehumet.
  3400 | D:5      | Found a blossoming altar of Fedhas.
  3693 | D:5      | Reached skill level 8 in Conjurations
  3730 | D:5      | Reached XP level 7. HP: 29/36 MP: 7/17
  3851 | D:5      | Found a glowing silver altar of Zin.
  3852 | D:5      | Found an opulent altar of Gozag.
  4203 | D:5      | Found Unais's Jewellery Emporium.
  4214 | D:5      | Bought a cursed amulet of inaccuracy for 22 gold pieces
  4227 | D:5      | Reached skill level 9 in Conjurations
  4262 | D:5      | Noticed Menkaure
  4273 | D:5      | Killed Menkaure
  4478 | D:5      | Noticed a hippogriff
  4484 | D:5      | Killed a hippogriff
  4484 | D:5      | Reached XP level 8. HP: 41/41 MP: 5/20
  4492 | D:5      | Learned a level 5 spell: Iskenderun's Battlesphere
  4580 | D:6      | Found Rumesaq's Antique Weapon Emporium.
  4585 | D:6      | Bought a runed dagger for 56 gold pieces
  4740 | D:6      | Reached skill level 1 in Charms
  4771 | D:6      | Reached skill level 1 in Hexes
  4781 | D:6      | Noticed Edmund
  4956 | D:6      | Killed Edmund
  5191 | D:6      | Mangled by an ice beast

Vault maps used:
D:1:      roderic_crossed_star
D:2:      nicolae_dithmenos_shadow_blocks, uniq_natasha
D:3:      first_bread, amalloy_card_club, uniq_crazy_yiuf_cottage
D:4:      lemuel_doored_altar, lightli_temple_of_fire
D:5:      grunt_temple_overflow_gold_and_silver, grunt_temple_overflow_open,
          serial_shops, shop, uniq_menkaure
D:6:      serial_shops, kennysheep_little_box, uniq_edmund
D:7:      minmay_temple_entry_trees, serial_shops, shop, the_bakery

Action                   |  1- 3 |  4- 6 |  7- 9 || total
-------------------------+-------+-------+-------++-------
Melee: Whip              |     7 |       |       ||     7
       Dagger            |       |     5 |     4 ||     9
 Cast: Magic Dart        |    41 |    89 |    51 ||   181
       Searing Ray       |     4 |    16 |    22 ||    42
       Dazzling Spray    |       |     3 |     1 ||     4
       Fulminant Prism   |       |       |     5 ||     5
  Use: Potion            |       |     7 |     4 ||    11
       Scroll            |       |     4 |     3 ||     7
 Stab: Sleeping          |       |     1 |       ||     1
  Eat: Chunk             |     2 |     7 |     5 ||    14
